[Event "Romanian-ch Youth Open U8 2024"]
[Site "Eforie Nord"]
[Date "2024.04.13"]
[Round "2.1"]
[White "Patarau, Tudor"]
[Black "Badescu, Matei-Andrei"]
[Result "1-0"]
[ECO "B87"]
[WhiteElo "1483"]
[BlackElo "1635"]
[Annotator "NA RC COMBH"]
[PlyCount "41"]
[EventDate "2024.04.10"]
[EventType "swiss"]
[EventCountry "ROU"]
[SourceTitle "playchess.com"]
[Source "ChessBase"]
[SourceQuality "1"]
[TimeControl "5400+30"]

1. e4 c5 2. Nf3 d6 3. d4 cxd4 4. Nxd4 Nf6 5. Nc3 a6 6. Bc4 e6 7. O-O b5 8. Bb3 b4 9. Nce2 Nxe4 10. Ng3 Nc5 11. Re1 Nxb3 12. axb3 Bb7 13. Bd2 d5 14. Qg4 Bc8 15. Ndf5 Qf6 16. Bxb4 Bxb4 17. Qxb4 Nc6 18. Qc5 Nd8 19. Nh5 Qg5 20. Nhxg7+ Kd7 21. Qd6# 1-0

[Event "Romanian-ch Youth Open U8 2024"]
[Site "Eforie Nord"]
[Date "2024.04.13"]
[Round "2.2"]
[White "Butochnov, Victor"]
[Black "Calotescu, David-Andrei"]
[Result "1-0"]
[ECO "D33"]
[WhiteElo "1634"]
[BlackElo "1457"]
[Annotator "NA RC COMBH"]
[PlyCount "77"]
[EventDate "2024.04.10"]
[EventType "swiss"]
[EventCountry "ROU"]
[SourceTitle "playchess.com"]
[Source "ChessBase"]
[SourceQuality "1"]
[TimeControl "5400+30"]

1. d4 d5 2. c4 e6 3. Nc3 c5 4. cxd5 exd5 5. Nf3 Nc6 6. g3 Nf6 7. Bg5 Be6 8. Bg2 h6 9. Bxf6 Qxf6 10. e3 c4 11. O-O Bb4 12. a3 Ba5 13. b4 Bb6 14. Na4 O-O 15. Nc5 Qe7 16. Nd2 Bxc5 17. bxc5 f5 18. Qc2 b6 19. cxb6 axb6 20. Nxc4 dxc4 21. Bxc6 Rxa3 22. d5 Rc8 23. Qxc4 Rxa1 24. Rxa1 Qc7 25. Qb5 Qe5 26. Rd1 Rd8 27. Qxb6 Rd6 28. Qb1 Bxd5 29. Bxd5+ Rxd5 30. Qb3 Kh7 31. Qxd5 Qxd5 32. Rxd5 Kg6 33. f4 h5 34. h4 Kf6 35. e4 fxe4 36. Rxh5 e3 37. Re5 e2 38. Rxe2 g5 39. hxg5+ 1-0

[Event "Romanian-ch Youth Open U8 2024"]
[Site "Eforie Nord"]
[Date "2024.04.13"]
[Round "2.3"]
[White "Gusa, Ionatan"]
[Black "Vasiloi, Leonard"]
[Result "1/2-1/2"]
[ECO "B01"]
[WhiteElo "1467"]
[BlackElo "1547"]
[Annotator "NA RC COMBH"]
[PlyCount "88"]
[EventDate "2024.04.10"]
[EventType "swiss"]
[EventCountry "ROU"]
[SourceTitle "playchess.com"]
[Source "ChessBase"]
[SourceQuality "1"]
[TimeControl "5400+30"]

1. e4 d5 2. exd5 Qxd5 3. Nc3 Qa5 4. d4 c6 5. Bd2 Nf6 6. Qe2 Bf5 7. Ne4 Qc7 8. Nxf6+ gxf6 9. Nf3 e6 10. O-O-O Bd6 11. Qe1 Nd7 12. Bc4 O-O-O 13. h3 c5 14. Nh4 Bg6 15. Nxg6 hxg6 16. d5 Ne5 17. Qe2 exd5 18. Bxd5 Rhe8 19. Qb5 Nc6 20. Bc3 Be5 21. Qxc5 Bxc3 22. Qxc3 Qf4+ 23. Kb1 Qd6 24. Bf3 Qe6 25. Rxd8+ Rxd8 26. Re1 Qd6 27. a3 Qd2 28. Bxc6 Qxc3 29. Bxb7+ Kxb7 30. bxc3 Rd7 31. g4 Kc6 32. h4 Rb7+ 33. Kc1 Rb8 34. h5 gxh5 35. gxh5 Rh8 36. Rh1 Rh6 37. Kd2 Kd5 38. Ke3 Kc4 39. Kd2 f5 40. Rh4+ Kd5 41. Rd4+ Kc5 42. Rh4 Kd5 43. Rd4+ Kc5 44. Rh4 Kd5 1/2-1/2

[Event "Romanian-ch Youth Open U8 2024"]
[Site "Eforie Nord"]
[Date "2024.04.13"]
[Round "2.4"]
[White "Grigorescu, Stefan"]
[Black "Jugaru, Victor"]
[Result "1-0"]
[ECO "C20"]
[WhiteElo "1546"]
[BlackElo "1354"]
[Annotator "NA RC COMBH"]
[PlyCount "65"]
[EventDate "2024.04.10"]
[EventType "swiss"]
[EventCountry "ROU"]
[SourceTitle "playchess.com"]
[Source "ChessBase"]
[SourceQuality "1"]
[TimeControl "5400+30"]

1. e4 e5 2. Qh5 Nc6 3. Bb5 Nf6 4. Qe2 Nd4 5. Qc4 Nxb5 6. Qxb5 Nxe4 7. Qxe5+ Qe7 8. Qxe7+ Bxe7 9. d3 Nd6 10. Nf3 O-O 11. O-O Bf6 12. Nc3 b6 13. Bg5 Bb7 14. Bxf6 gxf6 15. Nd4 Kh8 16. Rfe1 Rg8 17. g3 Rae8 18. Ncb5 Rxe1+ 19. Rxe1 Re8 20. Rxe8+ Nxe8 21. Nf5 c6 22. Nbd6 Nxd6 23. Nxd6 Ba6 24. Nxf7+ Kg8 25. Nd6 Kf8 26. Kf1 Ke7 27. Nf5+ Ke6 28. Nh6 c5 29. Ke2 Bb7 30. g4 d5 31. f4 f5 32. Nxf5 h5 33. Ng7+ 1-0

[Event "Romanian-ch Youth Open U8 2024"]
[Site "Eforie Nord"]
[Date "2024.04.13"]
[Round "3.1"]
[White "Szabo, Viktor"]
[Black "Butochnov, Victor"]
[Result "0-1"]
[ECO "C54"]
[WhiteElo "1670"]
[BlackElo "1634"]
[Annotator "NA RC COMBH"]
[PlyCount "38"]
[EventDate "2024.04.10"]
[EventType "swiss"]
[EventCountry "ROU"]
[SourceTitle "playchess.com"]
[Source "ChessBase"]
[SourceQuality "1"]
[TimeControl "5400+30"]

1. e4 e5 2. Nf3 Nc6 3. Bc4 Bc5 4. c3 Nf6 5. d3 h6 6. a4 a5 7. Qe2 O-O 8. O-O d6 9. h3 Be6 10. Bxe6 fxe6 11. Be3 Bxe3 12. Qxe3 Nh5 13. Nh2 Nf4 14. Nf3 Qf6 15. Nh2 Qg5 16. Qf3 Ne7 17. Kh1 Neg6 18. g4 Qh4 19. Rd1 Nxh3 0-1

[Event "Romanian-ch Youth Open U8 2024"]
[Site "Eforie Nord"]
[Date "2024.04.13"]
[Round "3.2"]
[White "Liga, Matei"]
[Black "Grigorescu, Stefan"]
[Result "1-0"]
[ECO "B50"]
[WhiteElo "1504"]
[BlackElo "1546"]
[Annotator "NA RC COMBH"]
[PlyCount "133"]
[EventDate "2024.04.10"]
[EventType "swiss"]
[EventCountry "ROU"]
[SourceTitle "playchess.com"]
[Source "ChessBase"]
[SourceQuality "1"]
[TimeControl "5400+30"]

1. e4 c5 2. Nf3 d6 3. h3 f5 4. d3 Nf6 5. Nc3 e5 6. Be2 Be6 7. Ng5 h6 8. Nxe6 Qe7 9. Nb5 Na6 10. Nxf8 Rxf8 11. Bh5+ Kd8 12. Bf3 c4 13. b3 cxd3 14. cxd3 d5 15. Qd2 Qd7 16. Nc3 d4 17. Ne2 Nc5 18. Ng3 fxe4 19. Nxe4 Nfxe4 20. Bxe4 Nxe4 21. dxe4 Qc6 22. O-O Qxe4 23. Re1 Qf5 24. Bb2 Rf6 25. Rad1 Rg6 26. Bxd4 exd4 27. Qxd4+ Kc7 28. Re7+ Kb8 29. Qd8+ Qc8 30. Qxc8+ Kxc8 31. Re8+ Kc7 32. Rxa8 Ra6 33. Rd2 Kc6 34. Rc8+ Kb5 35. Rc7 Kb4 36. Rxb7+ Kc3 37. Rbd7 g5 38. R7d3+ Kb4 39. Rc2 Ka3 40. Rd4 h5 41. Rd5 Rg6 42. Ra5+ Kb4 43. Rxa7 Re6 44. Ra4+ Kb5 45. Rd2 Re1+ 46. Kh2 Re5 47. Rdd4 Kc5 48. Rdb4 Re2 49. Re4 Rxf2 50. Re5+ Kd6 51. Rxg5 Kc6 52. Ra6+ Kb7 53. Rh6 Rf7 54. Rgxh5 Rg7 55. Rh7 Rxh7 56. Rxh7+ Kc6 57. Rh5 Kb6 58. g4 Kc6 59. a4 Kb6 60. g5 Kc5 61. g6+ Kb4 62. g7 Kxb3 63. g8=Q+ Kxa4 64. Qg4+ Kb3 65. Rc5 Ka3 66. Rb5 Ka2 67. Qa4# 1-0

[Event "Romanian-ch Youth Open U8 2024"]
[Site "Eforie Nord"]
[Date "2024.04.13"]
[Round "3.3"]
[White "Dragoi, Aaron-Mathias"]
[Black "Rosu, Razvan-Mihai"]
[Result "0-1"]
[ECO "B13"]
[WhiteElo "1533"]
[BlackElo "1517"]
[Annotator "NA RC COMBH"]
[PlyCount "118"]
[EventDate "2024.04.10"]
[EventType "swiss"]
[EventCountry "ROU"]
[SourceTitle "playchess.com"]
[Source "ChessBase"]
[SourceQuality "1"]
[TimeControl "5400+30"]

1. e4 c6 2. d4 d5 3. exd5 cxd5 4. Bd3 Nc6 5. c3 Nf6 6. Nf3 Bg4 7. O-O e6 8. Bf4 Bd6 9. Bxd6 Qxd6 10. Nbd2 O-O 11. h3 Bh5 12. Re1 a5 13. g4 Bg6 14. Bxg6 hxg6 15. Ne5 Nd7 16. Ndf3 a4 17. Nxd7 Qxd7 18. Ne5 Qc7 19. Qf3 Nxe5 20. Rxe5 a3 21. b3 Rac8 22. c4 dxc4 23. Rc1 Qb6 24. Rc3 Qxd4 25. Re4 Qd2 26. Qe3 Qxa2 27. Qc1 Qb2 28. Qxb2 axb2 29. Re1 cxb3 30. Rxb3 Rc1 31. Rf1 Rxf1+ 32. Kxf1 Rb8 33. Rxb2 Kf8 34. Ke2 Ke7 35. Kd3 Kd6 36. Kd4 b5 37. f4 b4 38. Rb3 f6 39. h4 Rb5 40. Kc4 Kc6 41. Kd4 Kb6 42. Kc4 Kc6 43. Kd4 e5+ 44. fxe5 fxe5+ 45. Kc4 Rb8 46. Rb1 b3 47. Rb2 Kd6 48. Rd2+ Kc6 49. Rb2 Rb7 50. Kc3 Kc5 51. g5 Rb8 52. Kd3 Kd5 53. Ke3 e4 54. Rd2+ Ke5 55. Rb2 Rb7 56. Ke2 Kd4 57. Kd2 e3+ 58. Kd1 Kc3 59. Kc1 Rf7 0-1

[Event "Romanian-ch Youth Open U8 2024"]
[Site "Eforie Nord"]
[Date "2024.04.13"]
[Round "3.4"]
[White "Stan, Vlad-Stefan G."]
[Black "Mihai, Adam-Alexandru"]
[Result "0-1"]
[ECO "B40"]
[WhiteElo "1415"]
[BlackElo "1533"]
[Annotator "NA RC COMBH"]
[PlyCount "66"]
[EventDate "2024.04.10"]
[EventType "swiss"]
[EventCountry "ROU"]
[SourceTitle "playchess.com"]
[Source "ChessBase"]
[SourceQuality "1"]
[TimeControl "5400+30"]

1. e4 c5 2. Bc4 e6 3. Nf3 a6 4. Nc3 b5 5. Be2 Bb7 6. d4 cxd4 7. Nxd4 Nc6 8. Nxc6 Bxc6 9. Bf3 Bb4 10. Bd2 Nf6 11. Qe2 Rc8 12. O-O-O Qc7 13. e5 Bxf3 14. gxf3 Bxc3 15. bxc3 Nd5 16. Rhg1 g6 17. Qd3 O-O 18. Bh6 Rfe8 19. f4 Qxc3 20. Qxc3 Rxc3 21. f5 Rec8 22. Rd2 R3c7 23. fxg6 hxg6 24. Rg3 Rc3 25. Rxc3 Rxc3 26. Rd4 Rh3 27. Be3 Kf8 28. Rd3 Nxe3 29. fxe3 Ke7 30. Ra3 g5 31. Kd1 g4 32. Ke1 Rxh2 33. e4 Rxc2 0-1

[Event "Romanian-ch Youth Open U8 2024"]
[Site "Eforie Nord"]
[Date "2024.04.14"]
[Round "4.1"]
[White "Butochnov, Victor"]
[Black "Rosu, Razvan-Mihai"]
[Result "1/2-1/2"]
[ECO "B11"]
[WhiteElo "1634"]
[BlackElo "1517"]
[Annotator "NA RC"]
[PlyCount "73"]
[EventDate "2024.04.10"]
[EventType "swiss"]
[EventCountry "ROU"]
[SourceTitle "playchess.com"]
[Source "ChessBase"]
[SourceQuality "1"]
[TimeControl "5400+30"]

1. e4 c6 2. Nf3 d5 3. Nc3 Bg4 4. Be2 e6 5. O-O Nf6 6. d3 Be7 7. Bf4 O-O 8. Qd2 dxe4 9. dxe4 Qxd2 10. Nxd2 Bxe2 11. Nxe2 Nbd7 12. Rfd1 Nc5 13. f3 Rfd8 14. Nc4 Rd7 15. b4 Na6 16. c3 Rad8 17. Rd2 Rxd2 18. Nxd2 Nh5 19. Be3 Rd3 20. Kf2 Nc7 21. a4 b5 22. a5 a6 23. Rd1 Rd7 24. Bd4 Nf6 25. Ke1 Kf8 26. Nb3 Ke8 27. Nc5 Bxc5 28. Bxc5 Rxd1+ 29. Kxd1 Kd7 30. Nd4 e5 31. Nf5 Ne6 32. Bd6 g6 33. Bxe5 gxf5 34. Bxf6 fxe4 35. fxe4 Nf4 36. g3 Ng6 37. Kd2 1/2-1/2

[Event "Romanian-ch Youth Open U8 2024"]
[Site "Eforie Nord"]
[Date "2024.04.14"]
[Round "4.2"]
[White "Mihai, Adam-Alexandru"]
[Black "Liga, Matei"]
[Result "1-0"]
[ECO "D53"]
[WhiteElo "1533"]
[BlackElo "1504"]
[Annotator "NA RC"]
[PlyCount "71"]
[EventDate "2024.04.10"]
[EventType "swiss"]
[EventCountry "ROU"]
[SourceTitle "playchess.com"]
[Source "ChessBase"]
[SourceQuality "1"]
[TimeControl "5400+30"]

1. d4 Nf6 2. c4 e6 3. Nc3 d5 4. Bg5 Be7 5. e3 h6 6. Bh4 Nc6 7. Nf3 Na5 8. cxd5 exd5 9. Bb5+ Nc6 10. Ne5 Bd7 11. Bxc6 Bxc6 12. Nxc6 bxc6 13. Bxf6 Bxf6 14. Qc2 Qe7 15. Nxd5 Qd6 16. Nxf6+ Qxf6 17. O-O O-O 18. Rac1 Qe6 19. b3 Rad8 20. Qxc6 Rd6 21. Qc4 Qg4 22. h3 Qh5 23. Qc5 Rd5 24. Qxc7 Rg5 25. Qh2 Re8 26. Rc6 Qf3 27. Rc5 Rg6 28. Re5 Rc8 29. g4 Rc2 30. Qg3 Qe2 31. Re8+ Kh7 32. Qb8 Rf6 33. Rh8+ Kg6 34. Rxh6+ Kg5 35. Qe5+ Kxh6 36. Qh5# 1-0

[Event "Romanian-ch Youth Open U8 2024"]
[Site "Eforie Nord"]
[Date "2024.04.14"]
[Round "4.3"]
[White "Grigorescu, Stefan"]
[Black "Vasiloi, Leonard"]
[Result "0-1"]
[ECO "B01"]
[WhiteElo "1546"]
[BlackElo "1547"]
[Annotator "NA RC"]
[PlyCount "138"]
[EventDate "2024.04.10"]
[EventType "swiss"]
[EventCountry "ROU"]
[SourceTitle "playchess.com"]
[Source "ChessBase"]
[SourceQuality "1"]
[TimeControl "5400+30"]

1. e4 d5 2. exd5 Qxd5 3. Nc3 Qa5 4. d4 c6 5. Nf3 Nf6 6. Bd3 Bg4 7. Bf4 e6 8. Qe2 Bb4 9. Qd2 Nd5 10. a3 Nxc3 11. Qc1 Nd5+ 12. axb4 Qxb4+ 13. Bd2 Qe7 14. c4 Nf6 15. Ne5 Bh5 16. b4 Nbd7 17. b5 c5 18. Ba5 cxd4 19. Nxd7 Nxd7 20. Be4 O-O 21. Qd2 Qf6 22. Bb4 d3 23. O-O Rfd8 24. Bd6 Be2 25. Rfe1 Qd4 26. Bxb7 Qxd6 27. Bxa8 Ne5 28. c5 Qd4 29. Ra2 Nc4 30. Qb4 d2 31. Rxe2 d1=Q+ 32. Re1 Q4d2 33. Qxd2 Rxd2 34. Ra1 Qc2 35. Be4 Qc3 36. Rxa7 g6 37. b6 Ra2 38. Rb1 Re2 39. h3 Re1+ 40. Kh2 Rxb1 41. Bxb1 Na5 42. Rc7 Qe5+ 43. g3 Qb2 44. Be4 Qxf2+ 45. Bg2 e5 46. h4 Kg7 47. Kh3 Qf5+ 48. g4 Qd3+ 49. Kh2 Qc2 50. c6 e4 51. Kg3 Qb3+ 52. Kf4 Qxb6 53. Rc8 Nxc6 54. Bxe4 Qf2+ 55. Bf3 Qh2+ 56. Ke3 Qe5+ 57. Kf2 Nd4 58. Bg2 Qf4+ 59. Kg1 Ne2+ 60. Kh1 Qf2 61. Kh2 Nf4 62. Rc2 Qxc2 63. Kg3 Qxg2+ 64. Kxf4 Kf6 65. g5+ Ke6 66. h5 Qf2+ 67. Kg4 Qf5+ 68. Kh4 gxh5 69. Kxh5 Qh3# 0-1

[Event "Romanian-ch Youth Open U8 2024"]
[Site "Eforie Nord"]
[Date "2024.04.15"]
[Round "5.1"]
[White "Rosu, Razvan-Mihai"]
[Black "Mihai, Adam-Alexandru"]
[Result "1/2-1/2"]
[ECO "E01"]
[WhiteElo "1517"]
[BlackElo "1533"]
[Annotator "NA RC"]
[PlyCount "108"]
[EventDate "2024.04.10"]
[EventType "swiss"]
[EventCountry "ROU"]
[SourceTitle "playchess.com"]
[Source "ChessBase"]
[SourceQuality "1"]
[TimeControl "5400+30"]

1. d4 Nf6 2. Nf3 e6 3. g3 c5 4. Bg2 cxd4 5. Nxd4 Nc6 6. O-O d5 7. c4 Nxd4 8. Qxd4 Be7 9. Nc3 dxc4 10. Qxc4 O-O 11. Rd1 Qe8 12. Nb5 Bd7 13. Nc7 Qc8 14. b3 Rb8 15. Bf4 b5 16. Qc1 Rb6 17. a4 bxa4 18. bxa4 a5 19. Qd2 Rb4 20. Qc2 Rd8 21. Bd2 Rxa4 22. Rxa4 Bxa4 23. Qxa4 Qxc7 24. Rc1 Qd7 25. Qxd7 Rxd7 26. Bxa5 h6 27. Kf1 Ba3 28. Ra1 Bc5 29. Rc1 Ba3 30. Rb1 Be7 31. e3 Nd5 32. Bxd5 Rxd5 33. Bc3 Rh5 34. Kg2 Rd5 35. Rb7 Bd6 36. Rd7 Bc5 37. Rxd5 exd5 38. Kf3 f6 39. Kf4 Bd6+ 40. Kf3 Kf7 41. Ke2 Ke6 42. Kd3 Be5 43. Bb4 Bd6 44. Bxd6 Kxd6 45. Kd4 Ke6 46. f4 Kd6 47. g4 g5 48. f5 Kc6 49. h3 Kd6 50. Kd3 Ke5 51. Kd2 Ke4 52. Ke2 d4 53. exd4 Kxd4 54. Kd2 Ke4 1/2-1/2

[Event "Romanian-ch Youth Open U8 2024"]
[Site "Eforie Nord"]
[Date "2024.04.15"]
[Round "5.2"]
[White "Vasiloi, Leonard"]
[Black "Butochnov, Victor"]
[Result "1-0"]
[ECO "C54"]
[WhiteElo "1547"]
[BlackElo "1634"]
[Annotator "NA RC"]
[PlyCount "63"]
[EventDate "2024.04.10"]
[EventType "swiss"]
[EventCountry "ROU"]
[SourceTitle "playchess.com"]
[Source "ChessBase"]
[SourceQuality "1"]
[TimeControl "5400+30"]

1. e4 e5 2. Nf3 Nc6 3. Bc4 Bc5 4. O-O Nf6 5. d3 O-O 6. c3 d6 7. Bb3 Bg4 8. Nbd2 Be6 9. Bc2 Qd7 10. b4 Bb6 11. a4 a6 12. Qe2 Rfe8 13. a5 Ba7 14. Nb3 d5 15. exd5 Nxd5 16. Qe1 f6 17. Be3 Nf4 18. Bxa7 Rxa7 19. Nc5 Qf7 20. Ne4 Qg6 21. Ng3 Raa8 22. Bb1 Rad8 23. d4 Qf7 24. dxe5 fxe5 25. Bxh7+ Kh8 26. Bc2 Bc4 27. Qe4 Bd3 28. Bxd3 Rxd3 29. Ng5 Qg8 30. Nh5 Rxc3 31. Nxf4 exf4 32. Qg6 1-0

[Event "Romanian-ch Youth Open U8 2024"]
[Site "Eforie Nord"]
[Date "2024.04.15"]
[Round "5.3"]
[White "Badescu, Matei-Andrei"]
[Black "Rotescu, Vladimir-Szilard"]
[Result "1-0"]
[ECO "B13"]
[WhiteElo "1635"]
[BlackElo "1414"]
[Annotator "NA RC"]
[PlyCount "147"]
[EventDate "2024.04.10"]
[EventType "swiss"]
[EventCountry "ROU"]
[SourceTitle "playchess.com"]
[Source "ChessBase"]
[SourceQuality "1"]
[TimeControl "5400+30"]

1. e4 c6 2. d4 d5 3. exd5 cxd5 4. Bf4 Nc6 5. c3 Nf6 6. Bd3 g6 7. Nd2 Bf5 8. Be2 Bg7 9. Ngf3 O-O 10. O-O Nh5 11. Be3 Qc7 12. Nh4 Nf6 13. Nxf5 gxf5 14. Nf3 e6 15. Qc1 Kh8 16. Bh6 Rg8 17. Nh4 Ne7 18. Kh1 Bf8 19. Bf4 Qb6 20. Be5 Bg7 21. Qg5 h6 22. Qd2 Kh7 23. Qc2 Ne4 24. Bxg7 Rxg7 25. f3 Nf6 26. g4 Kh8 27. gxf5 Nxf5 28. Nxf5 exf5 29. Rg1 Rag8 30. Qxf5 Rg5 31. Qf4 Qe6 32. Rxg5 Rxg5 33. Rg1 Nh5 34. Qb8+ Kg7 35. Rxg5+ hxg5 36. Bf1 Qe3 37. Qe5+ Qxe5 38. dxe5 Nf4 39. Bb5 Kg6 40. Be8 Kg7 41. Bd7 Nd3 42. Bc8 b6 43. Bb7 Nxe5 44. Bxd5 Nd3 45. b3 Kf6 46. Kg1 a5 47. Kf1 Ke7 48. Bc4 Ne5 49. Be2 f6 50. Kf2 Kd6 51. Ke3 f5 52. f4 gxf4+ 53. Kxf4 Ke6 54. h4 Ng6+ 55. Kg5 Nxh4 56. Kxh4 Ke5 57. Kg3 Ke4 58. Kf2 f4 59. Bb5 f3 60. Ba6 Kf4 61. Bb7 Ke5 62. Kxf3 Kd6 63. Ke4 Kc5 64. Ke5 b5 65. Bd5 b4 66. c4 Kb6 67. Kd6 Ka7 68. c5 Kb8 69. Kd7 a4 70. c6 a3 71. c7+ Ka7 72. c8=Q Kb6 73. Qc7+ Ka6 74. Bc4# 1-0

[Event "Romanian-ch Youth Open U8 2024"]
[Site "Eforie Nord"]
[Date "2024.04.16"]
[Round "6.1"]
[White "Mihai, Adam-Alexandru"]
[Black "Vasiloi, Leonard"]
[Result "0-1"]
[ECO "D53"]
[WhiteElo "1533"]
[BlackElo "1547"]
[Annotator "NA RC"]
[PlyCount "82"]
[EventDate "2024.04.10"]
[EventType "swiss"]
[EventCountry "ROU"]
[SourceTitle "playchess.com"]
[Source "ChessBase"]
[SourceQuality "1"]
[TimeControl "5400+30"]

1. d4 d5 2. c4 e6 3. Nc3 Nf6 4. cxd5 exd5 5. Bg5 Be7 6. e3 h6 7. Bxf6 Bxf6 8. Bd3 c6 9. Nf3 Be6 10. O-O Nd7 11. Qc2 O-O 12. Nd2 c5 13. Ne2 Rc8 14. Qd1 Qb6 15. dxc5 Nxc5 16. Bc2 Qxb2 17. Rb1 Qe5 18. Nf3 Qc7 19. Rc1 Qd7 20. Ned4 Rfd8 21. h3 a6 22. Nb3 Na4 23. Nbd4 Nb2 24. Qd2 Nc4 25. Qe2 b5 26. Rfd1 Qa7 27. Qd3 Nd6 28. Bb1 Qb6 29. Nxe6 fxe6 30. Nd4 Nf7 31. Kf1 Ne5 32. Qh7+ Kf7 33. f4 Rh8 34. Rxc8 Rxh7 35. Bxh7 Nc4 36. Ke2 Bxd4 37. Rxd4 Qa5 38. Bg8+ Ke7 39. f5 Qxa2+ 40. Kf3 Qb3 41. Bxe6 Qxe3+ 0-1

[Event "Romanian-ch Youth Open U8 2024"]
[Site "Eforie Nord"]
[Date "2024.04.16"]
[Round "6.3"]
[White "Rosu, Razvan-Mihai"]
[Black "Liga, Matei"]
[Result "1-0"]
[ECO "D02"]
[WhiteElo "1517"]
[BlackElo "1504"]
[Annotator "NA RC"]
[PlyCount "93"]
[EventDate "2024.04.10"]
[EventType "swiss"]
[EventCountry "ROU"]
[SourceTitle "playchess.com"]
[Source "ChessBase"]
[SourceQuality "1"]
[TimeControl "5400+30"]

1. d4 d5 2. Nf3 Nf6 3. g3 Bf5 4. Bg2 e6 5. O-O h6 6. c4 c5 7. cxd5 exd5 8. Nc3 Nc6 9. Bf4 a6 10. Be5 Ne4 11. dxc5 Nxe5 12. Nxe5 Nxc3 13. bxc3 Be6 14. Qa4+ Bd7 15. Nxd7 Qxd7 16. Qxd7+ Kxd7 17. Bxd5 Bxc5 18. Bxb7 Rab8 19. Bxa6 Rb2 20. e3 Rhb8 21. Bd3 Ra8 22. Rfd1 Ke7 23. Bc4 Ba3 24. Bb3 Rc8 25. c4 Bb4 26. Rab1 Re2 27. Kf1 Rd2 28. Rxd2 Bxd2 29. Ke2 Bc3 30. Kd3 Ba5 31. Kd4 Rd8+ 32. Kc5 Rc8+ 33. Kb5 Bc3 34. c5 Rb8+ 35. Kc4 Be5 36. f4 Bf6 37. e4 g5 38. Rd1 Bg7 39. c6 Rc8 40. Kc5 Ke8 41. Rd7 Bf8+ 42. Kb6 Be7 43. Kb7 Rd8 44. Rxd8+ Kxd8 45. c7+ Kd7 46. c8=Q+ Kd6 47. e5# 1-0

[Event "Romanian-ch Youth Open U8 2024"]
[Site "Eforie Nord"]
[Date "2024.04.16"]
[Round "6.4"]
[White "Butochnov, Victor"]
[Black "Dragoi, Aaron-Mathias"]
[Result "0-1"]
[ECO "B11"]
[WhiteElo "1634"]
[BlackElo "1533"]
[Annotator "NA RC"]
[PlyCount "34"]
[EventDate "2024.04.10"]
[EventType "swiss"]
[EventCountry "ROU"]
[SourceTitle "playchess.com"]
[Source "ChessBase"]
[SourceQuality "1"]
[TimeControl "5400+30"]

1. e4 c6 2. Nf3 d5 3. Nc3 Bg4 4. Be2 e6 5. O-O Nf6 6. d3 Be7 7. Bf4 O-O 8. Qd2 dxe4 9. dxe4 Qxd2 10. Nxd2 Bxe2 11. Nxe2 c5 12. f3 Nc6 13. Nc4 Rfd8 14. Rfd1 b5 15. Nd6 e5 16. Nxb5 exf4 17. Nbc3 Nd4 0-1

[Event "Romanian-ch Youth Open U8 2024"]
[Site "Eforie Nord"]
[Date "2024.04.17"]
[Round "7.1"]
[White "Vasiloi, Leonard"]
[Black "Dragoi, Aaron-Mathias"]
[Result "1-0"]
[ECO "C10"]
[WhiteElo "1547"]
[BlackElo "1533"]
[Annotator "NA RC COMBH"]
[PlyCount "89"]
[EventDate "2024.04.10"]
[EventType "swiss"]
[EventCountry "ROU"]
[SourceTitle "playchess.com"]
[Source "ChessBase"]
[SourceQuality "1"]
[TimeControl "5400+30"]

1. e4 e6 2. d4 d5 3. Nd2 dxe4 4. Nxe4 Nd7 5. Bd3 Ngf6 6. Nf3 Nxe4 7. Bxe4 c5 8. c3 Nf6 9. Bg5 cxd4 10. Bxf6 Qxf6 11. Qxd4 Qxd4 12. Nxd4 a6 13. O-O-O Bc5 14. Nc6 Bd7 15. Ne5 Bc8 16. Rd3 f6 17. Rhd1 O-O 18. Nd7 Bxd7 19. Rxd7 Bxf2 20. Bxb7 Ra7 21. Bc6 Rxd7 22. Rxd7 Rb8 23. Kc2 Rb6 24. Bf3 h6 25. b3 Kh7 26. Kd3 Kg6 27. Ke2 Bc5 28. b4 Bd6 29. a4 Bxh2 30. a5 Rb8 31. Bb7 Be5 32. Kd2 f5 33. Bxa6 Kf6 34. Bb7 Bh2 35. c4 e5 36. a6 Bg1 37. c5 Ke6 38. Rd6+ Ke7 39. a7 Rf8 40. a8=Q Rxa8 41. Bxa8 e4 42. Ke2 Bh2 43. Rd1 Bc7 44. b5 g5 45. b6 1-0

[Event "Romanian-ch Youth Open U8 2024"]
[Site "Eforie Nord"]
[Date "2024.04.17"]
[Round "7.2"]
[White "Badescu, Matei-Andrei"]
[Black "Rosu, Razvan-Mihai"]
[Result "1-0"]
[ECO "B10"]
[WhiteElo "1635"]
[BlackElo "1517"]
[Annotator "NA RC COMBH"]
[PlyCount "79"]
[EventDate "2024.04.10"]
[EventType "swiss"]
[EventCountry "ROU"]
[SourceTitle "playchess.com"]
[Source "ChessBase"]
[SourceQuality "1"]
[TimeControl "5400+30"]

1. e4 c6 2. d3 d5 3. Nd2 dxe4 4. dxe4 Nf6 5. Ngf3 Bg4 6. g3 e6 7. Bg2 Be7 8. O-O O-O 9. Re1 Nbd7 10. Qe2 a5 11. a4 Ne5 12. Qe3 Nxf3+ 13. Nxf3 Qc7 14. Bd2 Rfd8 15. Bc3 Bxf3 16. Bxf3 b5 17. axb5 cxb5 18. Bxf6 Bxf6 19. e5 Be7 20. Bxa8 Rxa8 21. Qe4 Rd8 22. Red1 b4 23. Rxd8+ Qxd8 24. Qe2 Qb6 25. Qe4 Qd8 26. Qc6 h6 27. Qb5 Qc7 28. Rxa5 Bd8 29. Ra8 b3 30. c3 Kh7 31. Qd3+ g6 32. Qxd8 Qxd8 33. Rxd8 Kg7 34. c4 g5 35. c5 Kg6 36. c6 Kf5 37. c7 Kxe5 38. c8=Q f5 39. Qc5+ Ke4 40. Qe3# 1-0

[Event "Romanian-ch Youth Open U8 2024"]
[Site "Eforie Nord"]
[Date "2024.04.17"]
[Round "7.3"]
[White "Szabo, Viktor"]
[Black "Mihai, Adam-Alexandru"]
[Result "0-1"]
[ECO "B48"]
[WhiteElo "1670"]
[BlackElo "1533"]
[Annotator "NA RC COMBH"]
[PlyCount "78"]
[EventDate "2024.04.10"]
[EventType "swiss"]
[EventCountry "ROU"]
[SourceTitle "playchess.com"]
[Source "ChessBase"]
[SourceQuality "1"]
[TimeControl "5400+30"]

1. e4 c5 2. Nc3 e6 3. Nge2 a6 4. d4 cxd4 5. Nxd4 Qc7 6. Bd3 Nc6 7. Be3 Bb4 8. Nde2 b5 9. a3 Be7 10. b4 Bb7 11. f3 Nf6 12. Rb1 Rc8 13. Qd2 Nh5 14. Rb3 Nf6 15. Rb1 Nh5 16. Nf4 Nxf4 17. Bxf4 Bd6 18. Bxd6 Qxd6 19. Ne2 Nd4 20. Nxd4 Qxd4 21. Rb3 Qa1+ 22. Qd1 Qxd1+ 23. Kxd1 d5 24. Re1 O-O 25. Kc1 Rfd8 26. Kb2 dxe4 27. fxe4 Kf8 28. g4 Ke7 29. e5 Rc7 30. h4 Rdc8 31. c3 Bd5 32. Rc1 Bc4 33. Kc2 Bxb3+ 34. Kxb3 Rd8 35. Rd1 Rcd7 36. Kc2 g6 37. g5 Rd5 38. Be2 Rxd1 39. Bxd1 Rd5 0-1

[Event "Romanian-ch Youth Open U8 2024"]
[Site "Eforie Nord"]
[Date "2024.04.18"]
[Round "8.1"]
[White "Badescu, Matei-Andrei"]
[Black "Vasiloi, Leonard"]
[Result "0-1"]
[ECO "B01"]
[WhiteElo "1635"]
[BlackElo "1547"]
[Annotator "NA RC COMBH"]
[PlyCount "90"]
[EventDate "2024.04.10"]
[EventType "swiss"]
[EventCountry "ROU"]
[SourceTitle "playchess.com"]
[Source "ChessBase"]
[SourceQuality "1"]
[TimeControl "5400+30"]

1. e4 d5 2. exd5 Qxd5 3. Nc3 Qa5 4. d4 c6 5. Bc4 Nf6 6. Bd2 Bf5 7. Nf3 e6 8. Nd5 Qd8 9. Nxf6+ gxf6 10. O-O Bd6 11. Re1 Qc7 12. Bf1 Nd7 13. g3 O-O-O 14. Bg2 c5 15. Bc3 cxd4 16. Nxd4 Ne5 17. Nxf5 exf5 18. Qh5 Qd7 19. Rad1 Rhg8 20. Bxe5 fxe5 21. Bh3 Qe7 22. Qxf5+ Kb8 23. Bg2 Rg5 24. Qd3 f5 25. h4 e4 26. Qb5 a6 27. Qa5 Bc7 28. Rxd8+ Qxd8 29. Qc5 Rxg3 30. Qxf5 Rg7 31. Qxe4 Bd6 32. Qd5 Rd7 33. Qh5 Be7 34. Qxh7 Bb4 35. Qf5 Bxe1 36. Qe5+ Ka8 37. Qe2 Rd6 38. Qf3 Qd7 39. c4 Rd1 40. Qf8+ Ka7 41. Qc5+ b6 42. Qh5 Bb4+ 43. Bf1 Qg7+ 44. Kh2 Bd6+ 45. Kh1 Rxf1# 0-1